 Dungeon Crawl Stone Soup version 0.22-a0-803-gd6d8abe (webtiles) character file.

3 seren the Cudgeler (level 1, 10/15 HPs)
             Began as a Human Wanderer on July 22, 2018.
             Quit the game on level 1 of the Dungeon.
             The game lasted 00:01:14 (236 turns).

seren the Cudgeler (Human Wanderer)                  Turns: 236, Time: 00:01:14

Health: 10/15      AC:  3    Str: 14    XL:     1   Next: 55%
Magic:  3/3        EV: 11    Int: 11    God:
Gold:   0          SH:  0    Dex: 11    Spells: 4/4 levels left

rFire    . . .     SeeInvis .   c - +0 mace
rCold    . . .     Gourm    .   (no shield)
rNeg     . . .     Faith    .   d - +1 robe
rPois    .         Spirit   .   (no helmet)
rElec    .         Reflect  .   (no cloak)
rCorr    .         Harm     .   (no gloves)
MR       .....                  (no boots)
Stlth    +.........             i - amulet of inaccuracy (curse)
HPRegen  0.05/turn              (no ring)
MPRegen  0.08/turn              (no ring)

@: about to teleport
A: no striking features
a: no special abilities


You were on level 1 of the Dungeon.
You were not hungry.

You visited 1 branch of the dungeon, and saw 1 of its levels.

Inventory:

Hand Weapons
 c - a +0 mace (weapon)
Missiles
 a - a throwing net (quivered)
Armour
 d - a +1 robe (worn)
Jewellery
 i - a cursed amulet of inaccuracy (around neck)
Potions
 h - a potion of heal wounds {unknown}
Comestibles
 b - 2 chunks of flesh
 f - 2 rations


   Skills:
 + Level 1.1 Fighting
 * Level 4.0 Maces & Flails
 - Level 1.0 Throwing
 + Level 0.2 Armour
 + Level 0.2 Dodging
 - Level 2.0 Spellcasting
   Level 1.0 Poison Magic
   Level 1.0 Evocations


You had 4 spell levels left.
You didn't know any spells.
Your spell library contained the following spells:

 Spells                   Type           Power        Failure   Level  Hunger
 Magic Dart               Conj           #...         28%         1    ##.....
 Conjure Flame            Conj/Fire      #.......     65%         3    ####...
 Slow                     Hex            #.......     41%         2    ###....
 Mephitic Cloud           Conj/Pois/Air  #.......     58%         3    ####...
 Blink                    Tloc           N/A          41%         2    ###....
 Call Imp                 Summ           #.......     41%         2    ###....
 Stone Arrow              Conj/Erth      #.....       65%         3    ####...
 Sandblast                Erth           #.....       28%         1    ##.....


Dungeon Overview and Level Annotations

Branches:
Dungeon (1/15)

Altars:


Message History

You kill the bat!
No target in view!
You see here a bat corpse.
You butcher the bat corpse.
b - 2 chunks of flesh (gained 1)
A kobold comes into view. It is wielding a dagger.
The kobold shouts!
You closely miss the kobold. The kobold hits you with a dagger.
* * * LOW HITPOINT WARNING * * *
You hit the kobold.
You kill the kobold!
No target in view!
No target in view!
As you read the scroll labeled UHIRHE CA XAR, it crumbles to dust.
You feel strangely unstable.
It was a scroll of teleportation.
As you read the scroll labeled SOUWIH MUCID, it crumbles to dust.
It is a scroll of enchant armour.
Your +0 robe glows green for a moment.
Unknown command.
Are you sure you want to abandon this character and quit the game? (Confirm with "yes".)

#### ...# #..# ##
#..# . ..# .# #)#
########.#
#@###........# #
#......⌠...⌠.# #.
#.###...###..#
.####.###.#
##..'<#..##
..........#
##..###...# #.....#
#..⌠...⌠..#
#####.###.........#
#.............##÷#
#....#.###.##.##.#


There were no monsters in sight!

Vanquished Creatures
  2 bats (D:1)
  A frilled lizard (D:1)
  A kobold (D:1)
4 creatures vanquished.

Notes
Turn   | Place    | Note
-------+----------+-------------------------------------------
     0 | D:1      | seren the Human Wanderer began the quest for the Orb.
     0 | D:1      | seren set off with: a +0 mace, a +0 robe, a ration
     0 | D:1      | Reached XP level 1. HP: 15/15 MP: 3/3
   236 | D:1      | Quit the game

Vault maps used:
D:1:      scummos_arrival_simple_fountains, st_stairs_12,
          grunt_decor_mini_mirrors

Action                   || total
-------------------------++-------
Melee: Mace              ||    25
  Use: Scroll            ||     2
Armor: Robe              ||    16
Dodge: Dodged            ||    26

Table legend:
 A = Spawn XP
 B = Non-spawn XP
 C = Spawn XP percentage of total XP
 D = Spawn monster count
 E = Non-spawn monster count
 F = Spawn count percentage of total count
 G = Total turns spent on level
                    A         B        C        D         E        F      G
               +---------+---------+-------+---------+---------+-------+---------
         Total |       0 |       5 |   0.0 |       0 |       4 |   0.0 |   236
               +---------+---------+-------+---------+---------+-------+---------
           D:1 |       0 |       5 |   0.0 |       0 |       4 |   0.0 |   236
               +---------+---------+-------+---------+---------+-------+---------
